AoeStats
← Because I Got High

Arena

510460791Analyzed
1v1 RM · 10h ago on Oct 1, 2026· 27m 40s· 2 players
Game mode
Random Map
Map size
Tiny (2 player)
Population
200
Speed
Normal
Resources
Standard
Victory
Conquest
Starting age
Dark Age
Ending age
Imperial Age
RankedLock teamsTeams togetherTeam positionsShared explorationLock speedFull tech treeHidden civsTurbo modeCheats
Victory
Defeat
🇦🇷 Cumans · Argentina
1275
+13
🇮🇳 Gurjaras · India
1209
-13
Vipera Berus
11:14 Feudal Age
15:08 Castle Age
13:04 Double-Bit Axe
13:35 Gold Mining
15:14 Wheelbarrow
14:52 Horse Collar
24:48 Loom
25:53 Hand Cart
25:25 Town Watch
26:06 Bloodlines
25:58 Husbandry
26:10 Forging
26:06 Scale Barding Armor
28:00 Iron Casting
Because I Got High
8:12 Feudal Age
8:51 Double-Bit Axe
18:38 Castle Age
19:03 Scale Barding Armor
19:16 Bloodlines
19:04 Gold Mining
26:11 Capped Ram
27:33 Loom
Connection lost

Rejoining the realm…

Still unreachable

The connection could not be restored.

Session expired

The server has moved on; the page needs a fresh start.